 Dungeon Crawl Stone Soup version 0.23.2-1-ga50397a (webtiles) character file.

Game seed: 17507275805515807352

97 marthius the Covered (level 4, -1/41 HPs)
             Began as a Minotaur Fighter on Apr 30, 2019.
             Was an Initiate of Makhleb.
             Slain by a gnoll
             ... wielding a +0 club
              (6 damage)
             ... on level 2 of the Dungeon.
             The game lasted 00:04:52 (1054 turns).

marthius the Covered (Minotaur Fighter)             Turns: 1054, Time: 00:04:53

Health: -1/41      AC:  7    Str: 25    XL:     4   Next: 42%
Magic:  3/3        EV:  7    Int:  5    God:    Makhleb [......]
Gold:   73         SH: 10    Dex: 11    Spells: 3/3 levels left

rFire    . . .     SeeInvis .   a - +0 long sword
rCold    . . .     Gourm    .   c - +0 shield
rNeg     . . .     Faith    .   b - +0 scale mail
rPois    .         Spirit   .   (helmet restricted)
rElec    .         Reflect  .   (no cloak)
rCorr    .         Harm     .   (no gloves)
MR       .....                  (no boots)
Stlth    +.........             (no amulet)
HPRegen  0.13/turn              e - ring of flight
MPRegen  0.08/turn              j - ring of stealth

@: mighty
A: retaliatory headbutt, horns 2
a: Renounce Religion, Evoke Flight


You were on level 2 of the Dungeon.
You worshipped Makhleb.
Makhleb was noncommittal.
You were not hungry.

You visited 1 branch of the dungeon, and saw 2 of its levels.

You collected 73 gold pieces.

Inventory:

Hand Weapons
 a - a +0 long sword (weapon)
Armour
 b - a +0 scale mail (worn)
 c - a +0 shield (worn)
Jewellery
 e - a ring of flight (left hand)
 j - a ring of stealth (right hand)
 n - a cursed ring of attention {unknown}
Scrolls
 i - a scroll of noise {unknown}
 l - a scroll of identify {unknown}
 o - a scroll of blinking {unknown}
 p - a scroll of teleportation {unknown}
 r - a scroll of magic mapping {unknown}
 s - a scroll of immolation {unknown}
 t - a scroll of remove curse {unknown}
Potions
 h - a potion of brilliance {unknown}
 k - a potion of agility {unknown}
 m - a potion of cancellation {unknown}
 q - a potion of flight {unknown}
Comestibles
 f - 3 rations
 g - 2 chunks of flesh


   Skills:
 * Level 4.4 Fighting
 * Level 3.8 Long Blades
 * Level 4.5 Armour
 + Level 4.1 Shields


You had 3 spell levels left.
You didn't know any spells.
Your spell library was empty.

Dungeon Overview and Level Annotations

Branches:
Dungeon (2/15)

Altars:
Fedhas
Hepliaklqana
Makhleb


Innate Abilities, Weirdness & Mutations

You reflexively headbutt those who attack you in melee.
You have a pair of horns on your head.


Message History

You slash the quokka!
You kill the quokka!
Makhleb accepts your kill.
The gnoll hits you from afar with a +0 spear.
You slash the worm!
The worm is heavily wounded.
The gnoll hits you from afar with a +0 spear!
* * * LOW HITPOINT WARNING * * *
The worm barely misses you.
You riposte.
You slash the worm!
You kill the worm!
Makhleb accepts your kill.
The gnoll hits you but does no damage. x2
Things that are here:
a +0 flail; a worm corpse; a gnoll corpse You completely miss the gnoll.
You block the gnoll's attack. The gnoll hits you but does no damage.
You block the gnoll's attack.
You closely miss the gnoll. The gnoll hits you with a +0 spear.
* * * LOW HITPOINT WARNING * * *
The gnoll barely misses you. The gnoll hits you with a +0 club.
You die...

#.. #.#.###.# # #..
#.รท...<.# #
.###..### #..###..# #
.[......###..#
#..######
#.........###....)...
#.##.####.....####...
#.# ###.#####.... #!#
#.# #..... #@# #.#
#..... .>....gg# #.#
#..... ###...g.# #.#
##.... #.......
#.######... #........
#......##..
#.........
######.###.
#......... #.....
##.......## #####. #.


You could see 3 gnolls.

Vanquished Creatures
  An adder (D:2)
  A gnoll (D:2)
  3 oozes
  2 dart slugs
  3 worms (D:2)
  A leopard gecko (D:1)
  3 bats
  A giant cockroach (D:2)
  6 goblins
  6 hobgoblins
  13 jackals
  A quokka (D:2)
  2 frilled lizards
  2 kobolds
  3 rats
48 creatures vanquished.

Notes
Turn   | Place    | Note
-------+----------+-------------------------------------------
     0 | D:1      | marthius the Minotaur Fighter began the quest for the Orb.
     0 | D:1      | Reached XP level 1. HP: 19/19 MP: 0/0
   130 | D:1      | Reached XP level 2. HP: 27/27 MP: 1/1
   551 | D:1      | Reached XP level 3. HP: 33/33 MP: 2/2
   786 | D:2      | Found a blossoming altar of Fedhas.
   795 | D:2      | Found a hazy altar of Hepliaklqana.
   812 | D:2      | Found a burning altar of Makhleb.
   823 | D:2      | Became a worshipper of Makhleb the Destroyer
   922 | D:2      | Reached XP level 4. HP: 34/41 MP: 3/3
  1054 | D:2      | Slain by a gnoll

Skill      XL: |  1  2  3 |
---------------+----------+-----
Fighting       | 4 |  4.4
Armour         | 4 |  4.5
Long Blades    | 3 |  3.8
Shields        | 4 |  4.1

Action                   |  1- 3 |  4- 6 || total
-------------------------+-------+-------++-------
Melee: Long sword        |    92 |    24 ||   116
       Headbutt          |    21 |     1 ||    22
  Use: Potion            |       |     1 ||     1
  Eat: Chunk             |       |     1 ||     1
Armor: Scale mail        |    50 |    22 ||    72
Dodge: Dodged            |    34 |     7 ||    41
Block: Shield            |    44 |    13 ||    57
       Rpst.: Long sword |    10 |     2 ||    12
